Map: Blackburn LE

Players

Jan - Winner!

  • Race: Protoss Protoss
  • League: Master

Heaven

  • Race: Protoss Protoss
  • League: Master

VOD

Have the link to the VOD?

Description

Time

  • Played on: Nov. 13, 2021, 10:42 a.m.
  • Length: 5:21
Show
View Real Time Build Order
Export as new Build Order

Jan Protoss - Winner!

Build Orders:  

Get SALT Encoding   

  12  0:00  Probe  
  13  0:12  Probe  
  14  0:17  Pylon  
  14  0:24  Probe (Chrono Boost)  
  15  0:36  Probe (Chrono Boost)  
  15  0:37  Gateway  
  16  0:44  Probe (Chrono Boost)  
  16  0:46  Assimilator  
  17  0:51  Probe  
  17  0:55  Assimilator  
  18  1:03  Probe (Chrono Boost)  
  19  1:07  Gateway  
  19  1:14  Probe (Chrono Boost)  
  20  1:18  Probe (Chrono Boost)  
  20  1:24  Cybernetics Core  
  21  1:29  Probe  
  22  1:35  Pylon  
  22  1:41  Probe  
  23  2:00  Stalker x2  
  23  2:01  Warp Gate (Chrono Boost)  
  27  2:13  Pylon  
  27  2:30  Stalker x2  
  27  2:36  Robotics Facility  
  31  2:41  Gateway  
  31  3:00  Stalker x2  
  35  3:23  Warp Prism (Chrono Boost)  
  37  3:29  Pylon  
  37  3:48  Stalker x3  
  43  3:56  Observer  
  44  4:07  Pylon  
  44  4:27  Stalker x2  
  44  4:28  Stalker  
  50  4:44  Nexus  
  50  4:54  Sentry x2  
Show
View Real Time Build Order
Export as new Build Order

Heaven Protoss 

Build Orders: Dark Templar Rush 

Get SALT Encoding   

  12  0:00  Probe  
  13  0:12  Probe  
  14  0:18  Pylon  
  14  0:24  Probe  
  15  0:36  Probe (Chrono Boost)  
  15  0:39  Gateway  
  16  0:48  Probe (Chrono Boost)  
  17  0:50  Assimilator  
  17  0:53  Probe (Chrono Boost)  
  18  1:03  Probe  
  19  1:15  Probe  
  20  1:19  Gateway  
  20  1:27  Cybernetics Core, Probe  
  20  1:31  Assimilator  
  21  1:36  Pylon  
  21  1:40  Probe  
  22  1:47  Pylon  
  22  1:52  Probe  
  23  2:04  Probe  
  23  2:05  Twilight Council  
  24  2:10  Warp Gate (Chrono Boost)  
  24  2:17  Probe  
  25  2:26  Shield Battery  
  25  2:28  Stalker (Chrono Boost)  
  26  2:41  Robotics Facility  
  26  3:01  Gateway  
  26  3:05  Dark Shrine  
  28  3:27  Probe  
  31  3:37  Immortal (Chrono Boost)  
  33  3:49  Pylon  
  33  3:55  Stalker  
  33  4:03  Gateway  
  33  4:04  Pylon  
  32  4:18  Sentry  
  32  4:19  Warp Prism (Chrono Boost)  
  36  4:33  Gateway  
  36  5:02  Dark Templar  
  36  5:03  Dark Templar  
Tags
 
Add a new tag
Caveats
  • Supply blocks, unpowered buildings, or Contaminate may cause inaccurate times.
  • Supply counts are checked every 10 seconds.